 Dungeon Crawl Stone Soup version 0.22.1-1-ga44c0e56f4 (webtiles) character file.

2015 Gargoyl the Chopper (level 9, -13/74 HPs)
             Began as a Centaur Abyssal Knight on Sept 27, 2018.
             Was an Elder of Lugonu.
             Mangled by a death yak (21 damage)
             ... on level 10 of the Dungeon.
             The game lasted 00:12:27 (7977 turns).

Gargoyl the Chopper (Centaur Abyssal Knight)        Turns: 7977, Time: 00:12:27

Health: -13/74     AC: 16    Str: 30    XL:     9   Next: 2%
Magic:  8/12       EV:  6    Int: 11    God:    Lugonu [****..]
Gold:   429        SH:  0    Dex: 11    Spells: 8/8 levels left

rFire    . . .     SeeInvis .   B - +0 war axe (flame)
rCold    . . .     Gourm    .   (no shield)
rNeg     + . .     Faith    .   f - +0 plate armour
rPois    .         Spirit   .   q - +1 helmet
rElec    .         Reflect  .   n - +0 cloak (curse)
rCorr    .         Harm     .   j - +0 pair of gloves
MR       .....                  (no barding)
Stlth    ..........             h - macabre finger necklace {rN+}
HPRegen  0.22/turn              k - +5 ring of strength
MPRegen  0.13/turn              e - +3 ring of strength
                                A - +6 ring of strength

@: very quick
A: large, hooves 3, icy blue scales 1, deformed body, speed 2, tough skin 3,
evolution 1
a: Depart the Abyss, Bend Space, Banish, Corrupt, Renounce Religion


You were on level 10 of the Dungeon.
You worshipped Lugonu.
Lugonu was greatly pleased with you.
You were hungry.

You visited 1 branch of the dungeon, and saw 9 of its levels.
You visited the Abyss 1 time.
You also visited: Ossuary.

You collected 429 gold pieces.

Inventory:

Hand Weapons
 a - a +1 hand axe
 B - a +0 war axe of flaming (weapon)
Missiles
 x - 8 javelins (quivered)
Armour
 f - a +0 plate armour (worn)
 j - a +0 pair of gloves (worn)
 n - a cursed +0 cloak (worn)
 q - a +1 helmet (worn)
Jewellery
 e - a +3 ring of strength (right hand)
 h - the macabre finger necklace (around neck) {rN+}
   (You found it on level 5 of the Dungeon)

   [amulet of nothing]

   It protects you from negative energy.
 k - a +5 ring of strength (left hand)
 A - a +6 ring of strength (on amulet)
 D - an uncursed amulet of the gourmand {unknown}
 E - an uncursed ring of resist corrosion {unknown}
Wands
 y - a wand of flame (46)
 C - a wand of scattershot (7)
Scrolls
 d - 4 scrolls of identify
 i - 5 scrolls of remove curse
 m - a scroll of fog
 o - 3 scrolls of amnesia
 p - a scroll of magic mapping
 s - 3 scrolls of teleportation
Potions
 b - 4 potions of curing
 g - 3 potions of agility
 l - 2 potions of heal wounds {unknown}
 r - a potion of berserk rage {unknown}
 u - 4 potions of flight {unknown}
 w - a potion of ambrosia {unknown}
 z - a potion of might {unknown}
Comestibles
 c - 16 rations


   Skills:
 + Level 5.5 Fighting
 + Level 7.0 Axes
 + Level 0.3 Throwing
 * Level 5.0 Armour
 + Level 1.1 Dodging
 * Level 5.2 Invocations


You had 8 spell levels left.
You didn't know any spells.
Your spell library contained the following spells:

 Spells                   Type           Power        Failure   Level  Hunger
 Sandblast                Erth           #.....       98%         1    ##.....
 Passwall                 Tmut/Erth      #.......     99%         2    ###....
 Static Discharge         Conj/Air       #.......     100%        3    ####...
 Stone Arrow              Conj/Erth      #.....       100%        3    ####...
 Petrify                  Tmut/Erth      #.......     100%        4    #####..
 Lee's Rapid Deconstruct  Erth           #.........   100%        5    ######.
 Lightning Bolt           Conj/Air       #.........   100%        5    ######.
 Ignition                 Fire           #.........   100%        8    #######
 Shatter                  Erth           #.........   100%        9    #######
 Tornado                  Air            #.........   100%        9    #######


Dungeon Overview and Level Annotations

Branches:
Dungeon (8/15)             Temple (0/1) D:5            Lair (0/6) D:10

Altars:
Cheibriados
Dithmenos
Hepliaklqana
Nemelex Xobeh
Okawaru
Ru
Sif Muna
Vehumet
Xom
Yredelemnul
Zin
The Shining One

Annotations:
D:8 Hanswurst's ghost, novice HOMo


Innate Abilities, Weirdness & Mutations

You have hooves in place of feet.
Armour fits poorly on your strangely shaped body.
You cover ground very quickly.
You have extremely tough skin. (AC +3)
You are partially covered in icy blue scales. (AC +2)
You evolve.


Message History

Space bends sharply around you!
You blink.
The yak gores you but does no damage. x2; The sky beast flickers out of sight!
Deactivating autopickup; reactivate with Ctrl-A.
The worker ant zombie bites you.
* * * LOW HITPOINT WARNING * * *
Unknown command.
Space bends around you!
You blink.
The centaur wields a shortbow.
The centaur shoots an arrow.
The arrow hits you but does no damage.
The death yak gores you but does no damage.
The death yak gores you!
* * * LOW HITPOINT WARNING * * *
A sky beast appears from thin air!
Reactivating autopickup.
Okay, then.
Space bends around you!
You blink.
Your surroundings seem slightly different.
The yak gores you but does no damage.
The sky beast hits you but does no damage.
You feel better. The yak closely misses you. The death yak gores you!!
You die...

.## ..# ####># # #
..#.### #.#.#.#...#
#.).#.#.#.##### ###
#.#..#...Y..Y.##...#
#.....Y..Y.YY...#
##......Y.ZcY@.#.#
#......YY#.YY..# #
###..#..Y..#...##
#............/.#
#............#.#
...............#
##....ยง.......#
#.+......+....#
..#......####.+


You could see 6 death yaks, 6 yaks, a sky beast, a centaur and a worker ant
zombie.

Vanquished Creatures
  A water moccasin (D:5)
  3 orc warriors
  An ice beast (D:5)
  2 ogres
  A centaur (D:7)
  4 water moccasin zombies (Ossuary)
  2 scorpions
  A howler monkey (D:8)
  A crimson imp (D:7)
  2 bullfrog skeletons (D:7)
  2 orc priests
  3 hounds
  2 jellies
  6 orc wizards
  3 worker ants
  A hound skeleton (D:7)
  4 mummies
  A worker ant zombie (D:5)
  5 gnolls
  8 adders
  A shadow imp (D:6)
  8 adder zombies (Ossuary)
  2 adder skeletons
  2 worms (D:4)
  A dart slug (D:3)
  A leopard gecko (D:6)
  31 orcs
  9 bats
  9 giant cockroaches
  5 goblins
  A hobgoblin (D:2)
  15 jackals
  6 kobolds
  3 quokkas
  2 ball pythons
  5 frilled lizards
  4 gnoll zombies (Ossuary)
  5 hobgoblin zombies (Ossuary)
  7 kobold zombies
  5 orc zombies
  2 quokka zombies
  9 rats
186 creatures vanquished.

Notes
Turn   | Place    | Note
-------+----------+-------------------------------------------
     0 | Abyss:1  | Gargoyl the Centaur Abyssal Knight began the quest for the
                  | Orb.
     0 | Abyss:1  | Reached XP level 1. HP: 19/19 MP: 2/2
    58 | Abyss:2  | Found a corrupted altar of Lugonu.
   126 | Abyss:2  | Noticed a large abomination
   132 | Abyss:2  | Noticed an ancient zyme
   143 | D:1      | Escaped the Abyss
   209 | D:1      | Reached * piety under Lugonu
   212 | D:1      | Reached skill level 2 in Axes
   351 | D:1      | Reached XP level 2. HP: 25/26 MP: 3/3
   544 | D:1      | Reached XP level 3. HP: 29/31 MP: 4/4
  1109 | D:2      | Noticed an ogre
  1125 | D:2      | Killed an ogre
  1125 | D:2      | Reached skill level 3 in Axes
  1125 | D:2      | Reached skill level 1 in Dodging
  1125 | D:2      | Reached XP level 4. HP: 13/39 MP: 4/6
  1125 | D:2      | Reached XP level 5. HP: 15/45 MP: 4/7
  1419 | D:2      | Found a basalt altar of Yredelemnul.
  1928 | D:3      | Reached ** piety under Lugonu
  2543 | D:3      | Found a sparkling altar of Nemelex Xobeh.
  2802 | D:4      | Noticed an ogre
  3378 | D:4      | Found a deep blue altar of Sif Muna.
  3380 | D:4      | Found a glowing silver altar of Zin.
  3583 | D:4      | Reached XP level 6. HP: 52/52 MP: 8/8
  3662 | D:4      | Reached skill level 4 in Axes
  4310 | D:5      | Entered Level 5 of the Dungeon
  4335 | D:5      | Found a staircase to the Ecumenical Temple.
  4712 | D:5      | Reached XP level 7. HP: 41/59 MP: 9/9
  4902 | D:5      | Reached *** piety under Lugonu
  5032 | D:5      | Gained mutation: You are weak. (Str -2) [potion of
                  | mutation]
  5032 | D:5      | Gained mutation: You are somewhat resistant to further
                  | mutation. [potion of mutation]
  5033 | D:5      | Lost mutation: You are somewhat resistant to further
                  | mutation. [potion of mutation]
  5033 | D:5      | Lost mutation: You are weak. (Str -2) [potion of mutation]
  5033 | D:5      | Gained mutation: You tend to lose your temper in combat.
                  | [potion of mutation]
  5033 | D:5      | Gained mutation: Your flesh is cold resistant. (rC+)
                  | [potion of mutation]
  5102 | D:5      | Found the macabre finger necklace {rN+}
  5145 | D:5      | Reached skill level 5 in Axes
  5318 | D:5      | Found a shimmering altar of Xom.
  5398 | D:6      | Found a sand-covered staircase.
  5419 | Ossuary  | Entered an ossuary
  5572 | Ossuary  | Reached XP level 8. HP: 36/67 MP: 11/11
  5912 | D:6      | Lost mutation: You tend to lose your temper in combat.
                  | [potion of mutation]
  5912 | D:6      | Lost mutation: Your flesh is cold resistant. (rC+) [potion
                  | of mutation]
  5912 | D:6      | Gained mutation: You are partially covered in icy blue
                  | scales. (AC +2) [potion of mutation]
  5912 | D:6      | Gained mutation: You evolve. [potion of mutation]
  6018 | D:6      | Found an iron altar of Okawaru.
  6230 | D:6      | Found a glowing golden altar of the Shining One.
  6230 | D:6      | Found a sacrificial altar of Ru.
  6230 | D:6      | Found a hazy altar of Hepliaklqana.
  6230 | D:6      | Found a shimmering altar of Xom.
  6329 | D:6      | Found a shadowy altar of Dithmenos.
  6334 | D:6      | Found a snail-covered altar of Cheibriados.
  6619 | D:6      | Reached **** piety under Lugonu
  6619 | D:6      | Reached skill level 5 in Fighting
  6811 | D:7      | Reached skill level 6 in Axes
  6886 | D:7      | Found a sparkling altar of Nemelex Xobeh.
  7739 | D:8      | Reached skill level 5 in Invocations
  7758 | D:8      | Found a radiant altar of Vehumet.
  7797 | D:8      | Found a radiant altar of Vehumet.
  7905 | D:8      | Found a runed door.
  7905 | D:8      | Noticed Hanswurst's ghost (novice HOMo)
  7924 | D:8      | Reached skill level 7 in Axes
  7924 | D:8      | Reached skill level 5 in Armour
  7924 | D:8      | Reached XP level 9. HP: 45/74 MP: 12/12
  7970 | D:8      | You fall through a shaft for 2 floors!
  7970 | D:10     | Entered Level 10 of the Dungeon
  7970 | D:10     | Found a staircase to the Lair.
  7970 | D:10     | Noticed a death yak
  7970 | D:10     | Noticed a death yak
  7970 | D:10     | Noticed a death yak
  7970 | D:10     | Noticed a death yak
  7970 | D:10     | Noticed a death yak
  7970 | D:10     | Noticed a death yak
  7975 | D:10     | HP: 3/74 [death yak (9)]
  7977 | D:10     | Mangled by a death yak

Skill      XL: |  1  2  3  4  5  6  7  8 |
---------------+-------------------------+-----
Axes           | 2 3 4 5 7 |  7.0
Armour         | 2 3 5 |  5.0
Dodging        | 1 |  1.1
Invocations    | 3 4 5 |  5.2
Fighting       | 4 5 |  5.5
Throwing       | |  0.3

Action                   |  1- 3 |  4- 6 |  7- 9 || total
-------------------------+-------+-------+-------++-------
Melee: Hand axe          |    96 |   202 |   263 ||   561
       Kick              |     6 |    48 |   118 ||   172
       War axe           |       |       |    37 ||    37
Throw: Tomahawk          |       |     2 |       ||     2
Invok: Depart the Abyss  |     1 |       |       ||     1
       Bend Space        |       |       |     4 ||     4
  Use: Scroll            |     6 |       |     7 ||    13
       Potion            |     2 |     1 |     4 ||     7
  Eat: Chunk             |       |     6 |     5 ||    11
       Ration            |       |     1 |     1 ||     2
Armor: Plate armour      |   101 |   170 |   204 ||   475
       Skin              |     4 |     3 |       ||     7
Dodge: Dodged            |    30 |    46 |    79 ||   155
